 Dungeon Crawl Stone Soup version 0.21.1-1-g345015f (webtiles) character file.

803 grindst0ne the Digger (level 7, -2/51 HPs)
             Began as an Octopode Earth Elementalist on Feb 22, 2018.
             Was an Initiate of Vehumet.
             Slain by execc's ghost (3 damage)
             ... on level 4 of the Dungeon.
             The game lasted 00:14:43 (4210 turns).

grindst0ne the Digger (Octopode Earth Elementalist) Turns: 4210, Time: 00:14:43

Health: -2/51      AC:  3    Str: 10    XL:     7   Next: 91%
Magic:  1/10       EV: 13    Int: 17    God:    Vehumet [......]
Gold:   246        SH:  0    Dex: 12    Spells: 4/10 levels left

rFire    + . .     SeeInvis .   e - +0 dagger (freeze)
rCold    x . .     Gourm    .   (no shield)
rNeg     . . .     Faith    .   (helmet restricted)
rPois    .         Spirit   .   (no amulet)
rElec    .         Reflect  .   k - +2 ring of protection
rCorr    .         Harm     .   p - ring of fire
MR       .....                  (no ring)
Stlth    +++.......             (no ring)
HPRegen  0.17/turn              (no ring)
MPRegen  0.12/turn              (no ring)
                                (no ring)
                                (no ring)

@: no status effects
A: almost no armour, stealthy swim, amphibious, 8 rings, constrict 8, camouflage
1, gelatinous body 1
a: Renounce Religion


You were on level 4 of the Dungeon.
You worshipped Vehumet.
Vehumet was noncommittal.
You were very hungry.

You visited 1 branch of the dungeon, and saw 4 of its levels.

You collected 246 gold pieces.

Inventory:

Hand Weapons
 e - a +0 dagger of freezing (weapon)
 o - a +4 mace
Missiles
 b - 120 stones (quivered)
Armour
 j - a +0 buckler
Jewellery
 k - a +2 ring of protection (left tentacle)
 p - a ring of fire (right tentacle)
Scrolls
 a - 3 scrolls of remove curse
 h - 2 scrolls of enchant weapon {unknown}
 l - a scroll of teleportation {unknown}
 n - a scroll of magic mapping {unknown}
 t - 3 scrolls of fog
 u - a scroll of fear {unknown}
 w - 2 scrolls of blinking {unknown}
Potions
 f - a potion of curing
 i - 5 potions of mutation
 m - a potion of degeneration {unknown}
 s - 2 potions of haste
 v - a potion of cancellation
Books
 d - a book of Geomancy

   Spells                             Type                      Level
   a - Sandblast                      Earth                        1
   b - Passwall                       Transmutation/Earth          2
   c - Stone Arrow                    Conjuration/Earth            3
   d - Petrify                        Transmutation/Earth          4
   e - Lee's Rapid Deconstruction     Earth                        5
Comestibles
 c - 9 rations


   Skills:
 + Level 5.9 Fighting
 - Level 2.0 Dodging
 - Level 2.6 Stealth
 - Level 2.0 Spellcasting
 - Level 1.0 Transmutations
 + Level 6.7 Earth Magic


You had 4 spell levels left.
You knew the following spells:

 Your Spells              Type           Power        Failure   Level  Hunger
a - Sandblast             Erth           ###...       1%          1    #......
b - Passwall              Tmut/Erth      ##........   6%          2    ###....
c - Stone Arrow           Conj/Erth      ##....       14%         3    ###....


Dungeon Overview and Level Annotations

Branches:
Dungeon (4/15)             Temple (0/1) D:4

Altars:
Ashenzari
Dithmenos
Elyvilon
Fedhas
Gozag
Nemelex Xobeh
Ru
Sif Muna
Trog
Vehumet
Wu Jian
Xom
The Shining One

Annotations:
D:3 exclusion: 2 downstairs
D:4 execc's ghost, amateur OpEE


Innate Abilities, Weirdness & Mutations

You cannot wear most types of armour.
You are very stealthy in the water. (Stealth+)
You are amphibious.
You can wear up to eight rings at the same time.
You can use your tentacles to constrict eight enemies at once.
Your skin changes colour to match your surroundings (Stealth+).
Your rubbery body absorbs attacks. (AC +1, EV +1)


Message History

Execc's ghost is severely damaged.
b - 120 stones Execc's ghost whispers, "The ORB doesn't exist."
Execc's ghost casts a spell at you. The blast of sand hits you!
You closely miss execc's ghost.
Execc's ghost is severely damaged.
Execc's ghost hits you.
You miss execc's ghost.
Execc's ghost is severely damaged.
Execc's ghost stares at you and mumbles some strange words.
The stone arrow misses you.
You hit execc's ghost. You freeze execc's ghost.
Execc's ghost is almost destroyed.
Execc's ghost casts a spell at you. The stone arrow hits you!
Ouch! That really hurt!
* * * LOW HITPOINT WARNING * * *
Execc's ghost hits you.
You die...

## ####. ###############....
###############....[..........###
..............[.#################
.########.##[#### #........
########h.##...## #........
..oW........#..# ............##
##........##
..........#...###.)#...##.#
..(.......###..#.[##....#.#
.................###..#)#.#######
#........#####...................
#.............................###


You could see execc's ghost.

Vanquished Creatures
  Menkaure (D:4)
  Duvessa (D:4)
  Dowan (D:4)
  A hound (D:4)
  4 orc priests
  A bullfrog skeleton (D:4)
  5 orc wizards (D:4)
  An iguana (D:4)
  A worker ant (D:4)
  8 adders
  An ooze (D:1)
  7 leopard geckos
  15 orcs
  3 giant cockroaches
  10 goblins
  8 hobgoblins
  5 jackals
  6 kobolds
  2 quokkas
  2 ball pythons
  11 bats
  6 frilled lizards
  9 rats
109 creatures vanquished.

Notes
Turn   | Place    | Note
-------+----------+-------------------------------------------
     0 | D:1      | grindst0ne the Octopode Earth Elementalist began the quest for the Orb.
     0 | D:1      | Reached XP level 1. HP: 11/11 MP: 3/3
   199 | D:1      | Reached skill level 1 in Fighting
   199 | D:1      | Reached XP level 2. HP: 8/18 MP: 5/5
   831 | D:1      | Reached XP level 3. HP: 23/24 MP: 6/6
   835 | D:1      | Learned a level 2 spell: Passwall
   839 | D:1      | Learned a level 3 spell: Stone Arrow
  1600 | D:2      | Reached XP level 4. HP: 29/29 MP: 7/7
  1609 | D:2      | Reached skill level 4 in Earth Magic
  2200 | D:3      | Reached XP level 5. HP: 28/36 MP: 8/8
  2807 | D:3      | Found a shattered altar of Ashenzari.
  2809 | D:3      | Found a glowing golden altar of the Shining One.
  2813 | D:3      | Found an ornate altar of the Wu Jian Council.
  2817 | D:3      | Found a blossoming altar of Fedhas.
  2885 | D:3      | Reached skill level 5 in Earth Magic
  3061 | D:3      | Found a deep blue altar of Sif Muna.
  3098 | D:4      | Reached XP level 6. HP: 14/43 MP: 0/9
  3110 | D:4      | Noticed Menkaure
  3119 | D:4      | Killed Menkaure
  3119 | D:4      | Reached XP level 7. HP: 24/49 MP: 3/10
  3131 | D:4      | Reached skill level 5 in Fighting
  3131 | D:4      | Reached skill level 6 in Earth Magic
  3683 | D:4      | Noticed Dowan
  3686 | D:4      | Noticed Duvessa
  3695 | D:4      | Killed Duvessa
  3713 | D:4      | Killed Dowan
  3740 | D:4      | Found a deep blue altar of Sif Muna.
  3740 | D:4      | Found a shadowy altar of Dithmenos.
  3741 | D:4      | Found a shimmering altar of Xom.
  3741 | D:4      | Found a shattered altar of Ashenzari.
  3742 | D:4      | Found an opulent altar of Gozag.
  3742 | D:4      | Found a bloodstained altar of Trog.
  3752 | D:4      | Found a radiant altar of Vehumet.
  3752 | D:4      | Found a shimmering altar of Xom.
  3753 | D:4      | Found a bloodstained altar of Trog.
  3753 | D:4      | Found a sacrificial altar of Ru.
  3754 | D:4      | Found a sparkling altar of Nemelex Xobeh.
  3754 | D:4      | Found a white marble altar of Elyvilon.
  3839 | D:4      | Found a staircase to the Ecumenical Temple.
  3842 | D:4      | Became a worshipper of Vehumet
  3946 | D:4      | Noticed execc's ghost (amateur OpEE)
  4209 | D:4      | HP: 1/51 [execc's ghost/stone arrow (32)]
  4210 | D:4      | Slain by execc's ghost

Skill      XL: |  1  2  3  4  5  6  7 |
---------------+----------------------+-----
Fighting       | 1 2 3 4 5 |  5.9
Earth Magic    | 4 5 6 |  6.7
Dodging        | |  2.0
Stealth        | |  2.6
Spellcasting   | |  2.0
Transmutations | |  1.0

Action                   |  1- 3 |  4- 6 |  7- 9 || total
-------------------------+-------+-------+-------++-------
Melee: Unarmed           |    17 |       |       ||    17
       Constrict         |    14 |    16 |     6 ||    36
       Tentacles         |    11 |     9 |     4 ||    24
       Whip              |    40 |       |       ||    40
       Mace              |     9 |    64 |     2 ||    75
       Dagger            |       |       |    23 ||    23
 Cast: Sandblast         |     8 |    20 |    15 ||    43
       Stone Arrow       |     1 |    10 |    16 ||    27
  Use: Potion            |       |     4 |     1 ||     5
       Scroll            |       |       |     5 ||     5
 Stab: Sleeping          |     7 |     5 |     1 ||    13
  Eat: Chunk             |     3 |     6 |     5 ||    14
Armor: Skin              |     9 |    14 |     2 ||    25
Dodge: Dodged            |    71 |    49 |    22 ||   142
